 Dungeon Crawl Stone Soup version 0.29-a0-96-g93358da72b (webtiles) character file.

Game seed: 14579750974145612823

123 drugrobin the Poker (level 4, 0/36 HPs)
             Began as a Demigod Warper on Feb 11, 2022.
             Slain by an adder (3 damage)
             ... on level 2 of the Dungeon.
             The game lasted 00:07:52 (3546 turns).

drugrobin the Poker (Demigod Warper)                Turns: 3546, Time: 00:07:52

Health: 0/36       AC:  6    Str: 15 (16) XL:     4   Next: 52%
Magic:  9/9        EV:  9    Int: 14 (15) God:
Gold:   109        SH:  0    Dex: 12 (13) Spells: 1/6 levels left

rFire   . . .      SeeInvis .   a - +0 spear
rCold   . . .      Faith    .   (no shield)
rNeg    . . .      Spirit   .   u - +0 scale mail
rPois   .          Reflect  .   (no helmet)
rElec   .          Harm     .   (no cloak)
rCorr   .          Rampage  .   (no gloves)
Will    .....                   (no boots)
Stlth   ..........              (no amulet)
HPRegen 0.12/turn               (no ring)
MPRegen 0.11/turn               (no ring)

@: brilliant, hasted, very quick
A: high MP 1, forlorn, divine attributes
a: no special abilities


You were on level 2 of the Dungeon.
You visited 1 branch of the dungeon, and saw 4 of its levels.

You collected 109 gold pieces.

Inventory:

Hand Weapons
 a - a +0 spear (weapon)
Missiles
 d - 5 boomerangs of dispersal
 f - 134 stones (quivered)
 k - 22 arrows
 n - 30 sling bullets
Armour
 b - a +0 leather armour
 u - a +0 scale mail (worn)
Scrolls
 c - a scroll of blinking
 g - a scroll of identify {unknown}
 h - 2 scrolls of magic mapping {unknown}
 l - 3 scrolls of teleportation {unknown}
 q - 2 scrolls of noise {unknown}
 r - a scroll of summoning {unknown}
 t - a scroll of amnesia {unknown}
Potions
 e - a potion of brilliance
 j - a potion of invisibility {unknown}
 m - a potion of curing {unknown}
 o - 2 potions of degeneration
 p - a potion of cancellation {unknown}
 s - a potion of mutation {unknown}


   Skills:
 - Level 1.7 Fighting
 + Level 4.6 Polearms
 - Level 0.8 Throwing
 - Level 0.8 Armour
 - Level 1.7 Dodging
 - Level 1.7 Spellcasting
 - Level 2.6 Translocations


You had one spell level left.
You knew the following spells:

 Your Spells              Type           Power      Damage    Failure   Level
a - Blink                 Tloc           26%        N/A       45%         2
b - Teleport Other        Tloc           13%        N/A       69%         3

Your spell library contained the following spells:

 Spells                   Type           Power      Damage    Failure   Level
 Gell's Gravitas          Tloc           13%        N/A       69%         3
 Lesser Beckoning         Tloc           13%        N/A       69%         3
 Inner Flame              Hex/Fire       1%         N/A       96%         3
 Cause Fear               Hex            0%         N/A       100%        4
 Manifold Assault         Tloc           13%        N/A       100%        5
 Discord                  Hex            0%         N/A       100%        8


Dungeon Overview and Level Annotations

Branches:
Dungeon (4/15)
 Temple: D:4-7


Innate Abilities, Weirdness & Mutations

You have an increased reservoir of magic. (+10% MP)
You shall have no god before yourself.
Your divine heritage dramatically boosts your attributes as you level up.


Message History

There is a stone staircase leading down here.
The gnoll hits you with a +0 whip!
You hit the gnoll.
The gnoll is moderately wounded.
The gnoll hits you with a +0 whip.
You hit the gnoll but do no damage.
The gnoll is moderately wounded.
The gnoll hits you with a +0 whip.
* * * LOW HITPOINT WARNING * * *
Found an escape hatch in the floor.
A hobgoblin comes into view.
The hobgoblin shouts!
An adder comes into view.
The adder hisses angrily.
Okay, then.
Unknown command.
It was a potion of degeneration.
There was something very wrong with that liquid.
You feel weakened.
You feel dopey.
You feel clumsy. The gnoll hits you with a +0 whip.
* * * LOW HITPOINT WARNING * * *
Unknown command.
There is a stone staircase leading up here.
The adder barely misses you. The adder closely misses you.
You climb upwards.
The ice beast hits you but does no damage. x2
There is a stone staircase leading down here.
The adder bites you.
* * * LOW HITPOINT WARNING * * *
The adder bites you.
* * * LOW HITPOINT WARNING * * *
The adder bites you but does no damage.
It was a potion of brilliance.
You feel clever all of a sudden. The adder bites you.
* * * LOW HITPOINT WARNING * * *
Unknown command.
It was a potion of haste.
You feel yourself speed up. The adder closely misses you. The adder bites you.
You die...

...###.........##.#######.#......
............................#####
#..###....>....##.######....#
#..###.#......###.# #.....#
...#.........## #.# ###.....#
#....#......).# #.# #....####
...........>..# #.# #..### ######
.#.##.........###.###..#####.....
.......#........#### ..#..# #.#
###...########....## #....# #.#
#.....# ####...
##############....## ####
####........###...#


You could see an ice beast and an adder.

Vanquished Creatures
  A hound (D:3)
  An iguana (D:4)
  2 gnolls (D:3)
  An adder (D:2)
  A worm (D:2)
  An orc (D:4)
  3 bats
  2 endoplasms
  2 giant cockroaches
  3 goblins (D:1)
  2 hobgoblins
  4 kobolds
  5 quokkas
  5 ball pythons
  A frilled lizard (D:1)
  4 rats
38 creatures vanquished.

Vanquished Creatures (others)
  3 plants (D:4)
3 creatures vanquished.

Grand Total: 41 creatures vanquished

Notes
Turn   | Place    | Note
-------+----------+-------------------------------------------
     0 | D:1      | drugrobin the Demigod Warper began the quest for the Orb.
     0 | D:1      | Reached XP level 1. HP: 17/17 MP: 5/5
   172 | D:1      | Reached skill level 2 in Polearms
   561 | D:1      | Reached XP level 2. HP: 24/24 MP: 7/7
  1209 | D:2      | Reached skill level 3 in Polearms
  1422 | D:2      | Reached XP level 3. HP: 4/29 MP: 8/8
  2323 | D:3      | Reached skill level 4 in Polearms
  2340 | D:3      | Noticed an ice beast
  2344 | D:3      | Learned a level 2 spell: Blink
  2353 | D:2      | Learned a level 3 spell: Teleport Other
  2886 | D:4      | Reached XP level 4. HP: 18/36 MP: 9/9
  3546 | D:2      | Slain by an adder

Illustrated notes

Levels and vault maps discovered:
D:1:      elethiomel_arrival_infinity_welcomes_careful_drivers, layout_basic,
          ebering_ecumenical_altar_abandoned
D:2:      layout_rooms, hangedman_decor_slide_cut
D:3:      wad_crossroads, layout_basic, fountainhead
D:4:      layout_cave_pods, minmay_temple_entry_gardened_gates, serial_shops,
          shop

Skill      XL: |  1  2  3 |
---------------+----------+-----
Polearms       | 2 3 4 |  4.6
Fighting       | |  1.7
Throwing       | |  0.8
Armour         | |  0.8
Dodging        | |  1.7
Spellcasting   | |  1.7
Translocations | |  2.6

Action                   |  1- 3 |  4- 6 || total
-------------------------+-------+-------++-------
Melee: Spear             |   154 |    20 ||   174
       Punch             |     1 |       ||     1
Throw: Stone             |     8 |       ||     8
 Cast: Blink             |     1 |       ||     1
  Use: Potion            |       |     3 ||     3
 Stab: Sleeping          |     2 |       ||     2
Armor: Leather armour    |    29 |       ||    29
       Scale mail        |     1 |    10 ||    11
Dodge: Dodged            |    58 |    15 ||    73

Table legend: (Time is in decaauts)
 A = Elapsed time spent in this place.
 B = Non-inter-level travel time spent in this place.
 C = Inter-level travel time spent in this place.
 D = Time resting spent in this place.
 E = Time spent auto-exploring this place.
 F = Levels seen in this place.
 G = Mean time per level.
                   A        B        C        D        E       F      G
               +--------+--------+--------+--------+--------+-----+--------+
         Total |   3535 |   3493 |     42 |   1232 |   1482 |   4 |  883.8 |
       Dungeon |   3535 |   3493 |     42 |   1232 |   1482 |   4 |  883.8 |
               +--------+--------+--------+--------+--------+-----+--------+

Top non-repeatable levels by time:
     D:1: 1147 daAuts
     D:2: 969 daAuts
     D:4: 767 daAuts
     D:3: 651 daAuts
